Map: Tokamak LE

Players

SubN

  • Race: Zerg Zerg
  • League: Diamond
  • Spawn Location: 1:00

Divergent - Winner!

  • Race: Protoss Protoss
  • League: Diamond
  • Spawn Location: 7:00

VOD

Have the link to the VOD?

Description

Time

  • Played on: July 31, 2025, 11:46 a.m.
  • Length: 9:36
Show
View Real Time Build Order
Export as new Build Order

SubN Zerg 

Build Orders: Hatch First 

Get SALT Encoding   

  12  0:00  Drone  
  13  0:12  Drone  
  14  0:17  Extractor  
  14  0:18  Drone  
  14  0:26  Overlord  
  15  0:44  Hatchery  
  15  0:48  Drone  
  15  0:51  Drone  
  15  0:55  Drone  
  17  0:59  Drone  
  18  1:09  Extractor  
  17  1:15  Spawning Pool  
  16  1:52  Drone x3  
  19  2:06  Zergling x4  
  21  2:12  Queen x2  
  25  2:17  Drone  
  26  2:25  Drone  
  26  2:27  Overlord  
  27  2:49  Drone x3  
  27  2:50  Hatchery  
  29  3:10  Queen x2  
  33  3:13  Drone x2  
  33  3:18  Overlord  
  35  3:26  Spore Crawler  
  34  3:30  Spore Crawler  
  34  3:31  Drone x2  
  34  3:32  Drone  
  36  3:52  Drone x7  
  43  4:00  Overlord  
  43  4:03  Queen  
  45  4:20  Drone x6  
  45  4:24  Overlord  
  51  4:26  Roach Warren  
  51  4:27  Overlord  
  50  4:32  Queen  
  50  4:38  Drone x3  
  53  4:49  Queen  
  55  4:54  Queen  
  55  4:56  Zergling x6  
  60  5:06  Zergling x6  
  65  5:07  Roach x3  
  65  5:18  Queen  
  65  5:19  Roach x2  
  65  5:20  Roach x2  
  63  5:37  Roach x2  
  63  5:38  Roach x2  
  63  5:40  Queen  
  69  5:48  Queen  
  71  5:53  Drone x3  
  71  5:54  Overlord  
  74  5:58  Overlord  
  74  6:02  Overlord  
  74  6:15  Extractor  
  74  6:17  Drone x11, Extractor  
  74  6:18  Drone  
  84  6:33  Drone x2  
  84  6:34  Drone  
  84  6:35  Drone x3  
  84  6:36  Drone  
  91  6:45  Zergling x12  
  97  6:49  Overlord  
  97  6:50  Overlord x2  
  97  6:53  Metabolic Boost  
  97  7:09  Zergling x2  
  97  7:10  Zergling x12  
  69  7:48  Roach x10  
  69  7:49  Roach  
  71  8:11  Queen  
  73  8:13  Drone x7  
  73  8:17  Lair  
  80  8:29  Extractor  
  79  8:46  Drone x2  
  81  8:50  Zergling x20  
  93  9:03  Drone x3  
  93  9:07  Zergling x6  
  99  9:16  Roach x3  
  99  9:17  Roach x2  
Show
View Real Time Build Order
Export as new Build Order

Divergent Protoss - Winner!

Build Orders: Zealot Archon 

Get SALT Encoding   

  12  0:03  Probe  
  13  0:15  Pylon  
  13  0:18  Probe  
  14  0:30  Probe  
  15  0:38  Probe  
  15  0:40  Forge  
  16  0:46  Probe  
  16  0:57  Probe  
  17  1:02  Pylon  
  18  1:09  Probe  
  18  1:10  Gateway  
  19  1:23  Photon Cannon  
  19  1:29  Probe  
  19  1:33  Assimilator  
  19  1:39  Probe  
  19  1:42  Pylon  
  19  1:44  Assimilator  
  20  1:47  Probe  
  20  1:49  Photon Cannon  
  21  1:57  Probe  
  22  2:03  Cybernetics Core  
  22  2:07  Zealot  
  24  2:10  Probe  
  25  2:19  Pylon  
  25  2:29  Gateway  
  25  2:41  Warp Gate, Twilight Council  
  25  2:46  Zealot  
  27  2:57  Charge  
  27  3:07  Gateway  
  27  3:10  Pylon  
  27  3:13  Zealot  
  29  3:23  Probe  
  30  3:50  Nexus  
  30  3:54  Pylon  
  30  3:56  Probe  
  31  4:08  Probe, Templar Archives  
  32  4:16  Shield Battery  
  32  4:31  Pylon, Zealot x2  
  36  4:46  Zealot  
  36  4:48  Probe  
  39  4:56  Photon Cannon  
  39  5:00  Probe  
  39  5:04  Robotics Facility  
  40  5:31  Probe x2  
  40  5:42  Immortal  
  36  5:43  High Templar x2  
  36  5:44  Zealot  
  36  5:45  Probe  
  36  5:46  Probe  
  36  5:49  Archon  
  44  5:50  Gateway  
  48  6:01  Probe  
  49  6:04  Assimilator  
  49  6:07  Protoss Ground Weapons Level 1  
  49  6:16  High Templar  
  49  6:17  High Templar  
  53  6:18  Gateway  
  53  6:21  Archon  
  53  6:23  Probe  
  53  6:24  Probe  
  55  6:29  Assimilator  
  55  6:31  Stalker  
  57  6:35  Probe  
  57  6:37  Probe  
  59  6:47  Probe  
  59  6:49  Probe  
  59  6:50  Zealot x2  
  65  6:55  Pylon  
  65  6:58  Robotics Bay  
  65  6:59  Observer, Probe  
  65  7:01  Probe  
  56  7:38  Probe x2  
  56  7:39  Zealot x4  
  56  7:40  Zealot  
  56  7:41  Immortal  
  68  7:56  Probe  
  69  7:59  Gravitic Boosters  
  69  8:03  Probe  
  69  8:05  Robotics Facility  
  62  8:07  High Templar x3  
  62  8:08  Gateway, Probe  
  67  8:13  Archon  
  67  8:15  Probe  
  68  8:20  Probe  
  68  8:22  High Templar  
  68  8:23  Zealot  
  73  8:27  Archon  
  73  8:30  Nexus  
  73  8:32  Pylon  
  73  8:34  Observer  
  73  8:39  Observer  
  73  8:45  Stalker x2  
  73  8:46  Stalker  
  79  9:01  Probe  
  79  9:02  Probe  
  81  9:05  Observer  
  86  9:14  Probe x2  
Tags
 
Composition
Zealot Archon
Matchup
PvZ
Replay Pack
Multiplayer
Spawn Locations
Cross Positions
Add a new tag
Caveats
  • Supply blocks, unpowered buildings, or Contaminate may cause inaccurate times.
  • Supply counts are checked every 10 seconds.